 Dungeon Crawl Stone Soup version 0.31.0 (webtiles) character file.

Game seed: 3492643539703802946

19 Arctor the Vexing (level 2, 0/16 HPs)
             Began as a Kobold Hexslinger on Jan 20, 2024.
             Slain by a jackal (2 damage)
             ... on level 1 of the Dungeon.
             The game lasted 00:00:35 (376 turns).

Arctor the Vexing (Kobold Hexslinger)                Turns: 376, Time: 00:00:35

Health: 0/16       AC:  2    Str:  5    XL:     2   Next: 95%
Magic:  4/4        EV: 15    Int: 14    God:
Gold:   40         SH:  0    Dex: 17    Spells: 3/3 levels left

rFire   . . .        a - +1 sling
rCold   . . .        (no shield)
rNeg    . . .        c - +0 robe
rPois   .            (no helmet)
rElec   .            (no cloak)
rCorr   .            (no gloves)
SInv    .            (no boots)
Will    .....        (no amulet)
Stlth   +++          (no ring)
HPRegen 0.22/turn    (no ring)
MPRegen 0.09/turn

%: no passive effects
@: no status effects
A: small, no large weapons, nightstalker 3
a: no special abilities


You were on level 1 of the Dungeon.
You visited 1 branch of the dungeon, and saw 1 of its levels.

You collected 40 gold pieces.

Inventory:

Hand Weapons
 a - a +1 sling (weapon)
Armour
 c - a +0 robe (worn)
Scrolls
 d - a scroll of identify {unknown}


   Skills:
 + Level 1.5 Fighting
 + Level 3.0 Ranged Weapons
 + Level 2.7 Dodging
 + Level 1.3 Spellcasting
 + Level 3.1 Hexes
 + Level 1.4 Fire Magic


You had 3 spell levels left.
You didn't know any spells.
Your spell library contained the following spells:

 Spells                   Type           Power      Damage    Failure   Level
 Jinxbite                 Hex            18%        N/A       11%         2
 Sigil of Binding         Hex            9%         N/A       21%         3
 Inner Flame              Hex/Fire       7%         N/A       30%         3
 Cause Fear               Hex            4%         N/A       56%         4
 Dimensional Bullseye     Hex/Tloc       2%         N/A       78%         4


Dungeon Overview and Level Annotations

Branches:
Dungeon (1/15)

Altars:

Shops:
D:1 =


Innate Abilities, Weirdness & Mutations

You are small and have problems with some larger weapons.
You are completely attuned to the shadows.


Message History

The jackal closely misses you. The jackal attacks as it pursues you!
The jackal closely misses you. The jackal barely misses you.
The jackal closely misses you. The jackal bites you.
You shoot a sling bullet.
The sling bullet barely misses the jackal.
The sling bullet closely misses the jackal.
The jackal bites you.
* * * LOW HITPOINT WARNING * * *
The jackal attacks as it pursues you! The jackal misses you.
The jackal attacks as it pursues you! The jackal closely misses you.
The jackal attacks as it pursues you! The jackal closely misses you.
The jackal closely misses you. The jackal attacks as it pursues you!
The jackal misses you. The jackal bites you.
The jackal attacks as it pursues you! The jackal bites you.
* * * LOW HITPOINT WARNING * * *
The jackal misses you. The jackal barely misses you.
The jackal attacks as it pursues you! The jackal closely misses you.
The jackal bites you.
* * * LOW HITPOINT WARNING * * *
The jackal attacks as it pursues you! The jackal misses you.
The jackal attacks as it pursues you! The jackal misses you.
The jackal closely misses you. The jackal completely misses you.
You aren't carrying any potions.
Okay, then.
The air fills with toxic fumes!
As you read the scroll of poison, it crumbles to dust.
There are monsters nearby!
You shoot a sling bullet.
The sling bullet closely misses the jackal.
The sling bullet hits the jackal.
The jackal is severely wounded.
The jackal misses you.
You shoot a sling bullet. The sling bullet hits the jackal.
The jackal is lightly wounded.
The jackal bites you.
* * * LOW HITPOINT WARNING * * *
The jackal bites you.
You die...

..............................
##.......#...................#
.........#...................#
........†...........###......#
...............######
####..###. ............#### §§
≈≈≈≈≈.≈≈≈≈ ............# §#
##♣##'##♣##
............#####§# #'#~♣~#
............##§§@§# 8##.##8##
.....#########hh§§# .........'
.....# #....§§§h§§# ##8#+#8###
.....###....Kh§§§§# ♣##+##♣##
............§§§§§§# .....~♣#
...............##≈≈ .......♣#
...............# ## ........#
.#.............### ..~♣~...#
.#...............# ...♣8♣...'


You could see 4 jackals and a kobold.

Vanquished Creatures
  3 bats (D:1)
  2 endoplasms (D:1)
  A giant cockroach (D:1)
  3 hobgoblins (D:1)
  A quokka (D:1)
  2 ball pythons (D:1)
  A frilled lizard (D:1)
  2 kobolds (D:1)
  2 rats (D:1)
17 creatures vanquished.

Notes
Turn   | Place    | Note
-------+----------+-------------------------------------------
     0 | D:1      | Arctor the Kobold Hexslinger began the quest for the Orb.
     0 | D:1      | Reached XP level 1. HP: 12/12 MP: 2/2
    74 | D:1      | Found Lomotheis's Jewellery Shoppe.
   118 | D:1      | Reached XP level 2. HP: 14/16 MP: 3/3
   376 | D:1      | Slain by a jackal

Illustrated notes

Levels and vault maps discovered:
D:1:      saegor_arrival_fortress, layout_basic, serial_shops, shop

Skill      XL: |  1  2 |
---------------+-------+-----
Ranged Weapons | 3 |  3.0
Fighting       | |  1.5
Dodging        | |  2.7
Spellcasting   | |  1.3
Hexes          | |  3.1
Fire Magic     | |  1.4

Action                     || total
---------------------------++-------
   Fire: Sling             ||    61
    Use: Scroll            ||     1
 Armour: Robe              ||    30
  Dodge: Dodged            ||    63
